 Dungeon Crawl Stone Soup version 0.21-a0-85-ga0cb861 (webtiles) character file.

253 grindst0ne the Skirmisher (level 5, 0/44 HPs)
             Began as a Demonspawn Fighter on June 25, 2017.
             Was an Initiate of Okawaru.
             Slain by an ogre
             ... wielding a +0 giant club
              (6 damage)
             ... on level 5 of the Dungeon.
             The game lasted 00:04:43 (3185 turns).

grindst0ne the Skirmisher (Demonspawn Fighter)      Turns: 3185, Time: 00:04:44

Health: 0/44       AC: 14    Str: 16    XL:     5   Next: 90%
Magic:  5/5        EV:  4    Int: 10    God:    Okawaru [......]
Gold:   260        SH:  8    Dex: 13    Spells: 4/4 levels left

rFire    . . .     SeeInvis .   D - +1 long sword of Joyful Slaughter {slice, rC+}
rCold    + + .     Gourm    .   c - +0 shield
rNeg     . . .     Faith    .   h - +0 chain mail
rPois    .         Spirit   .   (no helmet)
rElec    .         Reflect  .   (no cloak)
rCorr    .         Harm     .   y - +0 pair of gloves
MR       .....                  (no boots)
Stlth    ..........             (no amulet)
HPRegen  0.14/turn              (no ring)
MPRegen  0.09/turn              (no ring)

@: no status effects
A: iridescent scales 2, cold resistance 1
a: Renounce Religion


You were on level 5 of the Dungeon.
You worshipped Okawaru.
Okawaru was noncommittal.
You were not hungry.

You visited 2 branches of the dungeon, and saw 6 of its levels.

You collected 260 gold pieces.

Inventory:

Hand Weapons
 a - a +0 war axe
 D - the +1 long sword of Joyful Slaughter (weapon) {slice, rC+}
   (You found it on level 5 of the Dungeon)

   It inflicts extra damage upon your enemies.
   It protects you from cold.
Armour
 b - a +0 scale mail
 c - a +0 shield (worn)
 h - a +0 chain mail (worn)
 y - a +0 pair of gloves (worn)
Jewellery
 r - a cursed -3 ring of evasion {unknown}
 x - a +1 ring of slaying {unknown}
 A - a +3 ring of strength {unknown}
Scrolls
 g - a scroll of teleportation {unknown}
 j - a scroll of blinking {unknown}
 k - 2 scrolls of remove curse {unknown}
 l - 2 scrolls of magic mapping {unknown}
 n - 2 scrolls of fear {unknown}
 p - 2 scrolls of identify {unknown}
 w - 2 scrolls of recharging {unknown}
 C - a scroll of fog {unknown}
Potions
 d - a potion of might
 e - a potion of agility {unknown}
 m - a potion of degeneration {unknown}
 o - 3 potions of heal wounds {unknown}
 q - a potion of flight {unknown}
 t - a potion of lignification {unknown}
 u - a potion of mutation {unknown}
 v - a potion of cancellation {unknown}
Comestibles
 f - 4 bread rations
 i - a meat ration
 s - 5 fruits
 z - a royal jelly
 B - 4 chunks of flesh


   Skills:
 + Level 5.2 Fighting
 - Level 1.7 Axes
 + Level 4.6 Armour
 - Level 2.6 Shields


You had 4 spell levels left.
You didn't know any spells.

Dungeon Overview and Level Annotations

Branches:
Dungeon (5/15)             Temple (1/1) D:4

Altars:
Ashenzari
Cheibriados
Elyvilon
Fedhas
Gozag
Hepliaklqana
Kikubaaqudgha
Makhleb
Nemelex Xobeh
Okawaru
Qazlal
Ru
Sif Muna
Trog
Uskayaw
Vehumet
Wu Jian
Xom
Yredelemnul
Zin
The Shining One


Innate Abilities, Weirdness & Mutations

You are mostly covered in iridescent scales. (AC +4)
Your flesh is cold resistant. (rC+)


Message History

You closely miss the ogre.
The ogre is heavily wounded.
You block the ogre's attack.
You barely miss the ogre.
The ogre is heavily wounded.
The ogre hits you but does no damage.
You hit the ogre.
The ogre is heavily wounded.
The ogre hits you with a giant club!
You hit the ogre but do no damage.
The ogre is heavily wounded.
You block the ogre's attack. The ogre barely misses you.
You hit the ogre.
The ogre is severely wounded.
The ogre hits you with a giant club!!
* * * LOW HITPOINT WARNING * * *
Your shield and chain mail prevent you from hitting the ogre.
The ogre is severely wounded.
The ogre hits you with a giant club.
You die...

# # ###. .# ....##### #.#
# ..#.....##..# ..
...........# ...
.............##### ...#
...........O..#.... ...
...........@....# .#.
..............### ..)
....(.........######.
##.##.....................
.#.#........<.............
.#.#..###.....#..#####....
.#.##.....#.....## ...
.........(...##....# ..
.....#........####.#


You could see an ogre.

Vanquished Creatures
  2 orc wizards (D:4)
  6 adders
  4 gnolls
  2 oozes (D:1)
  A worm (D:2)
  3 dart slugs
  5 leopard geckos
  3 orcs (D:4)
  A ball python (D:2)
  9 bats
  A giant cockroach (D:4)
  8 goblins
  6 hobgoblins
  9 jackals
  2 quokkas
  5 frilled lizards
  6 kobolds
  7 rats
80 creatures vanquished.

Notes
Turn   | Place    | Note
-------+----------+-------------------------------------------
     0 | D:1      | grindst0ne the Demonspawn Fighter began the quest for the Orb.
     0 | D:1      | Reached XP level 1. HP: 18/18 MP: 1/1
   199 | D:1      | Gained mutation: Your flesh is cold resistant. (rC+) [demonic ancestry]
   199 | D:1      | Reached XP level 2. HP: 19/24 MP: 2/2
   560 | D:1      | Gained mutation: You are partially covered in iridescent scales. (AC +2) [demonic ancestry]
   560 | D:1      | Reached XP level 3. HP: 29/29 MP: 3/3
  1044 | D:2      | Reached skill level 4 in Fighting
  1077 | D:2      | Reached XP level 4. HP: 29/37 MP: 4/4
  1728 | D:3      | Found a faded altar of an unknown god.
  1741 | D:3      | Gained mutation: You are mostly covered in iridescent scales. (AC +4) [demonic ancestry]
  1741 | D:3      | Reached XP level 5. HP: 24/43 MP: 5/5
  2449 | D:4      | Found a staircase to the Ecumenical Temple.
  2493 | Temple   | Entered the Ecumenical Temple
  2586 | Temple   | Became a worshipper of Warmaster Okawaru
  2935 | D:4      | Reached skill level 5 in Fighting
  3118 | D:5      | Entered Level 5 of the Dungeon
  3138 | D:5      | Got an iridescent long sword
  3139 | D:5      | Identified the +1 long sword of Joyful Slaughter {slice, rC+} (You found it on level 5 of the Dungeon)
  3172 | D:5      | Noticed an ogre
  3185 | D:5      | Slain by an ogre

Vault maps used:
D:1:      zaba_arrival_water, minivault_25, minmay_hedge_maze, st_stairs_5,
          minmay_unequal
D:2:      kennysheep_generic_room_11
D:3:      chequers_ecumenical_altar_simple_redux, first_bread
D:4:      minmay_temple_entry_glass
D:5:      grunt_dithmenos_smoke, kennysheep_generic_room_5
Temple:   grunt_wide_crystal_templ

Skill      XL: |  1  2  3  4  5 |
---------------+----------------+-----
Armour         | 3 4 |  4.6
Fighting       | 4 5 |  5.2
Axes           | |  1.7
Shields        | |  2.6

Action                   |  1- 3 |  4- 6 || total
-------------------------+-------+-------++-------
Melee: War axe           |   107 |   160 ||   267
       Long sword        |       |    10 ||    10
  Eat: Chunk             |     1 |     7 ||     8
Armor: Chain mail        |    69 |   106 ||   175
       Scale mail        |     7 |       ||     7
Dodge: Dodged            |    27 |    45 ||    72
Block: Shield            |    61 |    85 ||   146
